 Dungeon Crawl Stone Soup version 0.29-a0-234-g0dae59b3db (webtiles) character file.

Game seed: 14957253714502090921

412 dolemite99 the Shooter (level 6, -14/43 HPs)
             Began as a Demonspawn Arcane Marksman on Mar 4, 2022.
             Was a Follower of Fedhas.
             Killed from afar by a steam dragon (18 damage)
             ... with a ball of steam
             ... on level 4 of the Dungeon.
             The game lasted 00:05:24 (8002 turns).

dolemite99 the Shooter (Demonspawn Arcane Marksman) Turns: 8002, Time: 00:05:24

Health: -14/43     AC:  5    Str: 12    XL:     6   Next: 59%
Magic:  9/9        EV: 11    Int: 15    God:    Fedhas [*.....]
Gold:   152        SH:  0    Dex: 13    Spells: 6/7 levels left

rFire   . . .      SeeInvis .   a - +0 shortbow
rCold   . . .      Faith    .   (shield currently unavailable)
rNeg    . . .      Spirit   .   n - +0 leather armour
rPois   +          Reflect  .   (no helmet)
rElec   .          Harm     .   v - scarf {+Inv}
rCorr   .          Rampage  .   (no gloves)
Will    .....                   (no boots)
Stlth   +.........              (no amulet)
HPRegen 0.14/turn               l - ring of poison resistance
MPRegen 0.11/turn               (no ring)

@: no status effects
A: icy blue scales 1, ignite blood 1
a: Renounce Religion, Evoke Invisibility


You were on level 4 of the Dungeon.
You worshipped Fedhas.
Fedhas was aware of your devotion.
You visited 1 branch of the dungeon, and saw 4 of its levels.

You collected 152 gold pieces.

Inventory:

Hand Weapons
 a - a +0 shortbow (weapon)
 b - a +1 dagger of freezing
Armour
 h - a +0 robe
 n - a +0 leather armour (worn)
 q - a +0 scale mail
 v - a scarf of invisibility (worn)
Jewellery
 e - the ring of Taluepasch {rC- rN+ Will+ Stlth+}
   (You found it on level 2 of the Dungeon)

   [ring of willpower]

   rC:        It makes you vulnerable to cold.
   rN:        It protects you from negative energy.
   Will:      It increases your willpower.
   Stlth:     It makes you more stealthy.
 j - a ring of willpower
 l - a ring of poison resistance (left hand)
Wands
 c - a wand of acid (1)
 p - a wand of polymorph (4)
Scrolls
 d - a scroll of enchant weapon {unknown}
 f - a scroll of teleportation {unknown}
 k - a scroll of enchant armour {unknown}
 o - a scroll of noise {unknown}
 u - a scroll of fog {unknown}
 w - a scroll of silence {unknown}
 x - a scroll of acquirement {unknown}
Potions
 g - a potion of flight
 i - a potion of mutation
 m - 3 potions of cancellation
 r - a potion of heal wounds
 s - a potion of curing
 t - a potion of attraction {unknown}
 z - a potion of lignification {unknown}


   Skills:
 - Level 1.0 Fighting
 + Level 5.6 Bows
 - Level 1.7 Dodging
 - Level 1.0 Spellcasting
 - Level 3.0 Hexes
 + Level 4.4 Invocations


You had 6 spell levels left.
You knew the following spells:

 Your Spells              Type           Power      Damage    Failure   Level
a - Slow                  Hex            36%        N/A       9%          1

Your spell library contained the following spells:

 Spells                   Type           Power      Damage    Failure   Level
 Summon Small Mammal      Summ           0%         N/A       30%         1
 Inner Flame              Hex/Fire       5%         N/A       45%         3
 Portal Projectile        Hex/Tloc       10%        N/A       45%         3
 Summon Guardian Golem    Hex/Summ       5%         N/A       45%         3
 Cause Fear               Hex            4%         N/A       65%         4
 Call Canine Familiar     Summ           0%         N/A       67%         3


Dungeon Overview and Level Annotations

Branches:
Dungeon (4/15)
 Temple: D:4-7

Altars:
Fedhas


Innate Abilities, Weirdness & Mutations

You are partially covered in icy blue scales. (AC +2)
Your demonic aura sometimes causes spilled blood to erupt in flames.


Message History

Unknown command.
Unknown command.
Unknown command.
Shoot: a) +0 shortbow
Press: ? - help, Shift-Dir - straight line, f/p - steam dragon
Aim: a steam dragon (severely wounded, 59% to hit)
You shoot an arrow.
The arrow hits the steam dragon but does no damage.
The steam dragon is severely wounded.
The steam dragon bites you but does no damage.
The steam dragon barely misses you.
Shoot: a) +0 shortbow
Press: ? - help, Shift-Dir - straight line, f/p - steam dragon
Aim: a steam dragon (steam, severely wounded, 59% to hit)
You shoot an arrow.
The arrow barely misses the steam dragon.
You are engulfed in a cloud of scalding steam.
* * * LOW HITPOINT WARNING * * *
The steam dragon barely misses you.
The steam dragon claws you but does no damage.
The steam dragon bites you.
* * * LOW HITPOINT WARNING * * *
The steam dragon claws you but does no damage.
Shoot: a) +0 shortbow
Press: ? - help, Shift-Dir - straight line, f/p - steam dragon
Aim: a steam dragon (severely wounded, 59% to hit)
You shoot an arrow.
The arrow completely misses the steam dragon.
The steam dragon bites you.
* * * LOW HITPOINT WARNING * * *
The steam dragon barely misses you.
Shoot: a) +0 shortbow
Press: ? - help, Shift-Dir - straight line, f/p - steam dragon
Aim: a steam dragon (severely wounded, 59% to hit)
You shoot an arrow.
The arrow closely misses the steam dragon.
The steam dragon breathes steam at you. The ball of steam hits you!!
You die...
Fedhas appreciates your contribution to the ecosystem.

...##....##..######.####
.......................######
########...)....####.........
.......##...###.## ##w.......
.......##....##..####........
......))..##..##.!....#######
.......######.#######..#
.......# #..### ##.# ########
##..@#####.####
###D...รท.....# ############


You could see a steam dragon (catching breath).

Vanquished Creatures
  A water moccasin (D:4)
  A hound (D:3)
  11 gnolls
  6 adders
  A worm (D:2)
  6 dart slugs
  5 orcs
  10 endoplasms
  3 giant cockroaches
  5 goblins
  9 hobgoblins
  6 jackals
  8 kobolds
  3 quokkas
  2 ball pythons (D:1)
  7 bats
  7 frilled lizards
  7 rats
98 creatures vanquished.

Vanquished Creatures (others)
  7 fungi (D:4)
7 creatures vanquished.

Grand Total: 105 creatures vanquished

Notes
Turn   | Place    | Note
-------+----------+-------------------------------------------
     0 | D:1      | dolemite99 the Demonspawn Arcane Marksman began the quest
                  | for the Orb.
     0 | D:1      | Reached XP level 1. HP: 15/15 MP: 2/2
   117 | D:1      | Reached skill level 2 in Bows
   215 | D:1      | Gained mutation: Your demonic aura sometimes causes spilled
                  | blood to erupt in flames. [demonic ancestry]
   215 | D:1      | Reached XP level 2. HP: 14/21 MP: 3/3
   389 | D:1      | Reached skill level 3 in Bows
   854 | D:1      | Reached XP level 3. HP: 26/26 MP: 4/4
  1060 | D:1      | HP: 1/26 [frilled lizard (2)]
  2703 | D:2      | Reached skill level 4 in Bows
  2703 | D:2      | Reached XP level 4. HP: 17/32 MP: 3/5
  3844 | D:2      | Identified the ring of Taluepasch {rC- rN+ Will+ Stlth+}
  4536 | D:3      | Found a faded altar of an unknown god.
  4611 | D:3      | Prayed at the altar of an unknown god.
  4611 | D:3      | Became a worshipper of Fedhas Madash
  4611 | D:3      | Reached * piety under Fedhas
  5208 | D:3      | Reached skill level 1 in Invocations
  5600 | D:3      | Reached XP level 5. HP: 37/37 MP: 6/6
  6746 | D:4      | Noticed a water moccasin
  6861 | D:4      | Reached skill level 5 in Bows
  6925 | D:3      | Gained mutation: You are partially covered in icy blue
                  | scales. (AC +2) [demonic ancestry]
  6925 | D:3      | Reached XP level 6. HP: 3/43 MP: 8/8
  7706 | D:4      | Killed a water moccasin
  7988 | D:4      | Noticed a steam dragon
  8002 | D:4      | Killed from afar by a steam dragon

Illustrated notes

Levels and vault maps discovered:
D:1:      doesnt_arrival_eight_statues, layout_basic, minmay_heptomino_d4
D:2:      layout_basic, minmay_stone_trees_small
D:3:      layout_loops_cross, shapermc_ecumenical_altar_flowoftime, hex_tiny
D:4:      layout_rooms, dreamdust_gnoll_farm

Skill      XL: |  1  2  3  4  5  6 |
---------------+-------------------+-----
Bows           | 2 3 4 5 |  5.6
Invocations    | 1 3 4 |  4.4
Fighting       | |  1.0
Dodging        | |  1.7
Spellcasting   | |  1.0
Hexes          | |  3.0

Action                   |  1- 3 |  4- 6 || total
-------------------------+-------+-------++-------
 Fire: Shortbow          |   135 |   185 ||   320
 Cast: Slow              |     3 |     1 ||     4
Evoke: Wand              |       |     7 ||     7
  Use: Potion            |     2 |       ||     2
       Scroll            |       |     5 ||     5
Armor: Robe              |    21 |       ||    21
       Leather armour    |       |    37 ||    37
Dodge: Dodged            |    89 |    89 ||   178

Table legend: (Time is in decaauts)
 A = Elapsed time spent in this place.
 B = Non-inter-level travel time spent in this place.
 C = Inter-level travel time spent in this place.
 D = Time resting spent in this place.
 E = Time spent auto-exploring this place.
 F = Levels seen in this place.
 G = Mean time per level.
                   A        B        C        D        E       F      G
               +--------+--------+--------+--------+--------+-----+--------+
         Total |   8111 |   7948 |    163 |   4787 |   2308 |   4 | 2027.8 |
       Dungeon |   8111 |   7948 |    163 |   4787 |   2308 |   4 | 2027.8 |
               +--------+--------+--------+--------+--------+-----+--------+

Top non-repeatable levels by time:
     D:3: 2853 daAuts
     D:1: 2498 daAuts
     D:2: 1875 daAuts
     D:4: 885 daAuts
